 Dungeon Crawl Stone Soup version 0.30.1-11-g7821555f0a (webtiles) character file.

Game seed: 1755583896607716091

2718 Duuthrak the Cleaver (level 9, 0/109 (117) HPs)
             Began as a Hill Orc Fighter on Nov 3, 2023.
             Was a Believer of Beogh.
             Slain by a wight
             ... wielding a +0 halberd
              (1 damage)
             ... on level 7 of the Dungeon.
             The game lasted 00:53:21 (5586 turns).

Duuthrak the Cleaver (Hill Orc Fighter)             Turns: 5586, Time: 00:53:21

HP:   0/109 (117)   AC: 13    Str: 26    XL:     9   Next: 66%
MP:   9/9           EV:  9    Int:  8    God:    Beogh [**....]
Gold: 502           SH:  5    Dex: 10    Spells: 8/8 levels left

rFire   . . .        a - +1 war axe
rCold   . . .        c - +0 buckler
rNeg    . . .        t - +3 chain mail of Keocwyv {Rampage Str+3}
rPois   +            (no helmet)
rElec   .            (no cloak)
rCorr   +            (no gloves)
SInv    .            (no boots)
Will    .....        (no amulet) Stlth
                     f - ring of resist corrosion
HPRegen 0.38/turn    p - ring of poison resistance
MPRegen 0.11/turn

%: rampage
@: berserking, drained, very quick
A: MP-powered wands
a: Renounce Religion, Smiting


You were on level 7 of the Dungeon.
You worshipped Beogh.
Beogh was pleased with you.
You visited 2 branches of the dungeon, and saw 8 of its levels.
You also visited: Sewer and Ossuary.

You collected 502 gold pieces.

Inventory:

Hand Weapons
 a - a +1 war axe (weapon)
 w - a +1 whip of electrocution
Missiles
 m - 3 boomerangs (quivered)
Armour
 c - a +0 buckler (worn)
 t - the +3 chain mail of Keocwyv (worn) {Rampage Str+3}
   (You found it on level 5 of the Dungeon)

   Str:       It affects your strength (+3).
   Rampage:   It bestows one free step when moving towards enemies.
Jewellery
 f - a ring of resist corrosion (left hand)
 o - a ring of willpower
 p - a ring of poison resistance (right hand)
Wands
 u - a wand of flame (24)
 B - a wand of quicksilver (7)
 C - a wand of digging (1)
Scrolls
 h - 2 scrolls of teleportation
 j - a scroll of enchant armour {unknown}
 v - 2 scrolls of poison
 x - a scroll of fear {unknown}
 y - 2 scrolls of identify
 A - a scroll of amnesia
Potions
 b - a potion of lignification {unknown}
 d - 6 potions of might
 e - 2 potions of degeneration
 g - a potion of cancellation
 i - a potion of brilliance
 k - a potion of resistance
 n - 2 potions of haste
 q - a potion of ambrosia {unknown}
 r - 4 potions of mutation
 s - a potion of curing


   Skills:
 + Level 6.9 Fighting
 + Level 11.4 Axes
 + Level 0.3 Throwing
 + Level 7.7 Armour
 + Level 2.2 Dodging
 + Level 0.3 Stealth
 + Level 5.7 Shields


You had 8 spell levels left.
You didn't know any spells.
Your spell library contained the following spells:

 Spells                   Type           Power      Damage    Failure   Level
 Summon Small Mammal      Summ           0%         N/A       91%         1
 Sublimation of Blood     Necr           0%         N/A       97%         2
 Wereblood                Tmut           0%         N/A       97%         2
 Call Canine Familiar     Summ           0%         N/A       100%        3
 Summon Guardian Golem    Hex/Summ       0%         N/A       100%        3
 Summon Hydra             Summ           0%         N/A       100%        7


Dungeon Overview and Level Annotations

Branches:
Dungeon (7/15)             Temple (1/1) D:5           Sewer (visited)
Ossuary (visited)

Altars:
Ashenzari
Cheibriados
Dithmenos
Elyvilon
Fedhas
Gozag
Hepliaklqana
Kikubaaqudgha
Makhleb
Nemelex Xobeh
Okawaru
Qazlal
Ru
Sif Muna
Trog
Uskayaw
Vehumet
Wu Jian
Xom
Yredelemnul
Zin
The Shining One

Annotations:
D:3 1 runed translucent door, Modestlyawesome's ghost, amateur SpEn


Innate Abilities, Weirdness & Mutations

You expend magic power (3 MP) to strengthen your wands.


Message History

Beogh accepts your kill. The wight barely misses you.
You block the wight's attack. x2
Things that are here:
a +0 mace; a +0 robe; a black bear corpse You feel better.
You block the wight's attack. x2
A red film seems to cover your vision as you go berserk!
You feel yourself moving faster!
You feel mighty! The wight misses you.
The wight hits you from afar with a +0 halberd!
* * * LOW HITPOINT WARNING * * *
You hit the wight but do no damage. You barely miss the wight.
The wight hits you with a +2 spear.
* * * LOW HITPOINT WARNING * * *
The wight hits you but does no damage.
You hit the wight but do no damage. You hit the wight but do no damage.
You block the wight's attack. The wight barely misses you.
You barely miss the wight. You block the wight's attack.
The wight barely misses you.
You hit the wight.
The wight is moderately damaged.
The wight barely misses you. The wight closely misses you.
You hit the wight.
The wight is heavily damaged.
You closely miss the wight.
The wight is heavily damaged.
The wight misses you.
The wight hits you from afar with a +0 halberd!
* * * LOW HITPOINT WARNING * * *
You feel drained.
* * * LOW HITPOINT WARNING * * *
You barely miss the wight.
The wight is heavily damaged.
You slice the wight!!
You destroy the wight!
Beogh accepts your kill.
The wight hits you from afar with a +0 halberd.
* * * LOW HITPOINT WARNING * * *
You feel drained.
You die...

.........##......[...
.........##..........
.........##........?
.........##........#
..###'#####........#
..# #.# #.......)#
### #.# #.[....z.#
#.###########)##
#...........@.#
###############
######### .......[#
#######.# #.# #.# #.#


You could see a wight.

Vanquished Creatures
  Pikel (D:5)
  Grinder (D:3)
  2 water moccasins
  Duvessa (D:6)
  A black bear (D:7)
  3 ice beasts
  3 ogres
  A phantom (D:5)
  2 bullfrogs (D:6)
  A scorpion (D:3)
  Dowan (D:6)
  3 wights (D:7)
  A howler monkey (D:5)
  2 hounds
  3 jellies (D:4)
  3 orc priests
  An iguana (D:6)
  A sleepcap (D:6)
  4 orc wizards
  8 mummies (Ossuary)
  16 adders
  A shadow imp (D:6)
  An ufetubus (D:5)
  2 worms
  A dart slug (D:4)
  12 orcs
  9 bats
  17 endoplasms
  2 giant cockroaches (D:6)
  2 gnoll zombies (Ossuary)
  8 goblins
  4 hobgoblins
  2 jackals (D:1)
  10 kobolds
  3 quokkas
  5 ball pythons
  6 frilled lizards
  2 hobgoblin zombies (Ossuary)
  3 kobold zombies (Ossuary)
  An orc zombie (Ossuary)
  3 rats (D:1)
153 creatures vanquished.

Vanquished Creatures (others)
  An orc priest (D:4)
  An orc wizard (D:4)
2 creatures vanquished.

Grand Total: 155 creatures vanquished

Notes
Turn   | Place    | Note
-------+----------+-------------------------------------------
     0 | D:1      | Duuthrak the Hill Orc Fighter began the quest for the Orb.
     0 | D:1      | Reached XP level 1. HP: 19/19 MP: 1/1
    84 | D:1      | Reached XP level 2. HP: 27/27 MP: 2/2
   110 | D:1      | Reached skill level 3 in Axes
   290 | D:1      | Reached XP level 3. HP: 20/33 MP: 3/3
   643 | D:2      | Reached skill level 4 in Axes
   800 | D:2      | Reached XP level 4. HP: 34/40 MP: 4/4
  1213 | D:3      | Found a runed translucent door.
  1213 | D:3      | Noticed Modestlyawesome's ghost (amateur SpEn)
  1280 | D:3      | Noticed a scorpion
  1289 | D:3      | Killed a scorpion
  1290 | D:3      | Reached skill level 5 in Axes
  1290 | D:3      | Reached XP level 5. HP: 35/46 MP: 5/5
  1437 | D:3      | Noticed an ogre
  1442 | D:3      | Killed an ogre
  1443 | D:3      | Reached skill level 1 in Dodging
  1443 | D:3      | Reached XP level 6. HP: 4/53 MP: 6/6
  1778 | D:3      | Noticed Grinder
  1792 | D:3      | Paralysed by Grinder for 3 turns
  1801 | D:3      | Killed Grinder
  1802 | D:3      | Reached skill level 6 in Axes
  1802 | D:3      | Reached XP level 7. HP: 33/60 MP: 7/7
  2009 | D:4      | Became a worshipper of Beogh the Brigand
  2124 | D:4      | Reached skill level 7 in Axes
  2126 | D:4      | Reached skill level 5 in Armour
  2191 | D:4      | Found a sand-covered staircase.
  2193 | D:4      | Reached * piety under Beogh
  2267 | Ossuary  | Entered an ossuary
  2734 | Ossuary  | Gained mutation: You expend magic power (3 MP) to
                  | strengthen your wands. [potion of mutation]
  3001 | D:4      | Reached skill level 5 in Fighting
  3432 | D:5      | Entered Level 5 of the Dungeon
  3471 | D:5      | Reached skill level 8 in Axes
  3568 | D:5      | Reached XP level 8. HP: 62/68 MP: 8/8
  3844 | D:5      | Reached skill level 9 in Axes
  4009 | D:5      | Reached ** piety under Beogh
  4026 | D:5      | Found a staircase to the Ecumenical Temple.
  4035 | Temple   | Entered the Ecumenical Temple
  4219 | D:5      | Identified the +3 chain mail of Keocwyv {Rampage Str+3}
  4251 | D:5      | Found an ancient bone altar of Kikubaaqudgha.
  4253 | D:5      | Found a shadowy altar of Dithmenos.
  4254 | D:5      | Found a glowing golden altar of the Shining One.
  4273 | D:5      | Noticed Pikel
  4285 | D:5      | Killed Pikel
  4286 | D:5      | Reached skill level 10 in Axes
  4286 | D:5      | Reached skill level 5 in Shields
  4306 | D:5      | Reached XP level 9. HP: 68/75 MP: 9/9
  4692 | D:6      | Found a glowing drain.
  4725 | Sewer    | Entered a sewer
  4900 | D:6      | Noticed Duvessa
  4900 | D:6      | Noticed Dowan
  4905 | D:6      | Killed Dowan
  4913 | D:6      | Killed Duvessa
  5034 | D:6      | Found a hide-covered altar of Uskayaw.
  5152 | D:6      | Reached skill level 11 in Axes
  5584 | D:7      | HP: 5/111 [wight/+0 halberd (2)]
  5586 | D:7      | HP: 1/111 [wight/+0 halberd (5)]
  5586 | D:7      | Slain by a wight

Illustrated notes

Levels and vault maps discovered:
D:1:      dpeg_arrival_shrine, layout_basic
D:2:      layout_rooms, shapermc_ecumenical_altar_acropolis
D:3:      layout_basic, hellmonk_ghost_happy_afterlife, chequers_mini_garden,
          uniq_grinder
D:4:      cheibrodos_fertilizer, layout_gridville, enter_ossuary_1, st_stairs_2,
          chequers_arboretum
D:5:      layout_loops_ring, grunt_temple_overflow_open,
          minmay_temple_entry_crystal_x, grunt_decor_resistance, uniq_pikel
D:6:      layout_basic, lemuel_crystal_altar, gup_sewer_entry_glass,
          feat_on_display, uniq_duvessa
D:7:      cheibrodos_steamvent, layout_basic, kennysheep_generic_room_12
Temple:   nicolae_temple_two_arcs

Skill      XL: |  1  2  3  4  5  6  7  8  9 |
---------------+----------------------------+-----
Axes           | 3 4 5 6 8 10 11 | 11.4
Fighting       | 4 5 6 |  6.9
Armour         | 4 5 6 7 |  7.7
Dodging        | 1 2 |  2.2
Shields        | 4 5 |  5.7
Throwing       | |  0.3
Stealth        | |  0.3

Action                     |  1- 3 |  4- 6 |  7- 9 || total
---------------------------+-------+-------+-------++-------
  Melee: War axe           |    73 |    69 |   378 ||   520
  Throw: Boomerang         |       |     3 |     1 ||     4
 Invoke: Convert to Beogh  |       |       |     1 ||     1
    Use: Scroll            |     2 |     3 |     7 ||    12
         Potion            |       |     2 |    12 ||    14
 Armour: Scale mail        |    35 |    18 |    72 ||   125
         Chain mail        |       |       |   110 ||   110
  Dodge: Dodged            |    30 |    46 |   147 ||   223
  Block: Buckler           |    16 |    21 |    83 ||   120
